cohdb
Replays
Latest Replays
All Replays
Popular Replays
Top Player Replays
Match Explorer
How It Works
Community
CoH3 Stats
Reddit
Sign in to upload your games and track your stats! →
Sign in with Steam
Match 45330819
Unlisted
Match 45330819
Overview
Messages
Build Orders
End
Selects Italian Combined Arms Battlegroup
Selects Bersaglieri Squad
Bersaglieri Squad
Panzergrenadier Squad
Bersaglieri Squad
250 Light Carrier
Construct Light Support Kompanie
Bersaglieri Squad
Selects Bersaglieri Bolster
Selects Breda Model 30 Light Machine Guns
Fire Support Elements
2.5-tonne Medical Truck
Panzerjäger Mechanized Group
Daniel Gaming
SoF Ya Nos
0
0
Comments
sign in to comment!
No comments posted yet!